 Dungeon Crawl Stone Soup version 0.30-a0-881-g1ff12e1e11 (webtiles) character file.

Game seed: 2498974088565958442

10007 OrthodoxDeviant the Arsonist (level 11, -3/54 HPs)
             Began as a Tengu Fire Elementalist on Mar 14, 2023.
             Was a Follower of Vehumet.
             Slain by a boulder beetle (19 damage)
             ... on level 11 of the Dungeon.
             The game lasted 01:48:31 (17659 turns).

OrthodoxDeviant the Arsonist (TeFE)                Turns: 17659, Time: 01:48:34

Health: -3/54      AC:  7    Str:  9    XL:     11   Next: 55%
Magic:  25/25      EV: 15    Int: 19    God:    Vehumet [*.....]
Gold:   833        SH:  0    Dex: 21    Spells: 18/28 levels left

rFire   + . .      SeeInvis .    s - +2 rapier of Melee {flame, rElec rCorr}
rCold   . . .      Faith    .    (no shield)
rNeg    . . .      Spirit   .    M - +0 steam dragon scales
rPois   .          Reflect  .    (helmet restricted)
rElec   +          Rampage  .    N - +0 cloak
rCorr   +                        u - +0 pair of gloves
Will    .....                    (boots unavailable)
Stlth   ++                       (no amulet)
HPRegen 0.29/turn                w - +6 ring of dexterity
MPRegen 0.19/turn                K - ring of protection from fire

@: flying quickly and evasively, quick
A: beak, talons 3, nimble flight
a: Renounce Religion


You were on level 11 of the Dungeon.
You worshipped Vehumet.
Vehumet was aware of your devotion.
You visited 3 branches of the dungeon, and saw 13 of its levels.
You also visited: Ossuary.

You collected 833 gold pieces.

Inventory:

Hand Weapons
 a - a +4 scimitar of flaming
 s - the +2 rapier of Melee (weapon) {flame, rElec rCorr}
   (You took it off a hobgoblin on level 4 of the Dungeon)

   rElec:     It insulates you from electricity.
   rCorr:     It protects you from acid and corrosion.
 D - the +5 short sword of Debt {flame, Str+5}
   (You found it on level 6 of the Dungeon)

   Str:       It affects your strength (+5).
Missiles
 d - a throwing net
 m - 11 javelins
Armour
 q - the +1 leather armour of the Frog {+Inv}
   (You found it on level 3 of the Dungeon)

   +Inv:      It lets you turn invisible.
 u - a +0 pair of gloves (worn)
 x - a +1 leather armour of cold resistance
 M - +0 steam dragon scales (worn)
 N - a +0 cloak (worn)
Jewellery
 n - an amulet of guardian spirit
 w - a +6 ring of dexterity (left hand)
 K - a ring of protection from fire (right hand)
Wands
 v - a wand of polymorph (11)
 y - a wand of digging (4)
 C - a wand of light (8)
 O - a wand of roots (4)
Scrolls
 h - a scroll of enchant armour
 j - a scroll of blinking {unknown}
 k - 2 scrolls of noise {unknown}
 l - a scroll of fog {unknown}
 A - 2 scrolls of vulnerability {unknown}
 E - 2 scrolls of amnesia {unknown}
 G - 2 scrolls of enchant weapon
 H - a scroll of torment {unknown}
 I - a scroll of teleportation {unknown}
 J - 2 scrolls of identify
Potions
 b - a potion of magic
 c - 7 potions of lignification
 e - 9 potions of heal wounds
 f - a potion of brilliance {unknown}
 g - a potion of flight {unknown}
 i - 2 potions of might {unknown}
 o - 4 potions of ambrosia
 p - 3 potions of attraction {unknown}
 r - 2 potions of resistance {unknown}
 t - 6 potions of curing
 z - 3 potions of berserk rage {unknown}
 B - 2 potions of degeneration {unknown}
 F - 3 potions of haste {unknown}
 L - a potion of mutation {unknown}


   Skills:
 - Level 2.1 Dodging
 - Level 2.0 Stealth
 + Level 9.1 Spellcasting
 + Level 12.5 Conjurations
 + Level 13.1 Fire Magic


You had 18 spell levels left.
You knew the following spells:

 Your Spells              Type           Power      Damage    Failure   Level
a - Foxfire               Conj/Fire      100%       2x1d9     1%          1
b - Scorch                Fire           100%       2d10      1%          2
c - Flame Wave            Conj/Fire      55%        2d13      1%          4
d - Kindle Blastsparks    Fire/Tloc/Air  50%        2d14      4%          3

Your spell library contained the following spells:

 Spells                   Type           Power      Damage    Failure   Level
 Shock                    Conj/Air       100%       1d9       1%          1
 Magic Dart               Conj           100%       1d8       1%          1
 Inner Flame              Hex/Fire       33%        N/A       1%          3
 Mephitic Cloud           Conj/Pois/Air  24%        N/A       4%          3
 Call Imp                 Summ           8%         N/A       12%         2
 Ensorcelled Hibernation  Hex/Ice        16%        N/A       12%         2
 Passwall                 Tmut/Erth      6%         N/A       12%         2
 Spider Form              Tmut/Pois      8%         N/A       24%         3
 Swiftness                Air            8%         N/A       24%         3
 Anguish                  Hex/Necr       4%         N/A       63%         4
 Leda's Liquefaction      Hex/Erth       4%         N/A       63%         4
 Lee's Rapid Deconstruct  Erth           4%         3d5*      92%         5
 Summon Forest            Summ/Tloc      4%         N/A       92%         5
 Summon Mana Viper        Hex/Summ       8%         N/A       92%         5
 Statue Form              Tmut/Erth      5%         N/A       100%        6
 Summon Cactus Giant      Summ           4%         N/A       100%        6


Dungeon Overview and Level Annotations

Branches:
Dungeon (11/15)            Temple (1/1) D:5            Lair (0/5) D:11
    Orc (1/2) D:10        Ossuary (visited)

Altars:
Ashenzari
Cheibriados
Dithmenos
Elyvilon
Fedhas
Gozag
Hepliaklqana
Kikubaaqudgha
Makhleb
Nemelex Xobeh
Okawaru
Qazlal
Ru
Sif Muna
Trog
Uskayaw
Vehumet
Wu Jian
Xom
Yredelemnul
Zin
The Shining One

Annotations:
D:4 2 runed translucent doors, ZoeForever1's ghost, amateur DsRe
D:7 1 runed translucent door, jasper's ghost, amateur DjVM
D:11 Erolcha; Josephine


Innate Abilities, Weirdness & Mutations

You have a beak for a mouth.
You have claws for feet.
Your magical nature lets you fly swiftly and evasively.


Message History

The centaur warrior zombie hits you.
The centaur warrior zombie barely misses you.
The centaur warrior skeleton hits you. The centaur warrior skeleton kicks you.
You fly upwards.
There is a stone staircase leading down here.
Unknown command.
Unknown command.
Unknown command.
There is a stone staircase leading down here.
Unknown command.
You start resting.
HP restored.
You fly downwards.
Level annotation: Erolcha; Josephine
There is a stone staircase leading up here.
Casting: Scorch (safe; 1% risk of failure)
Confirm with . or Enter, or press ? or * to list all spells.
Okay, then.
Okay, then.
Okay, then.
Aiming: Polymorph
Press: ? - help, Shift-Dir - straight line, f - boulder beetle
Aim: a boulder beetle (wandering, hasn't noticed you, will become a great orb of eyes, a spark wasp, or a radroach, chance to affect: 31%)
The boulder beetle easily resists.
Aiming: Polymorph
Press: ? - help, Shift-Dir - straight line, f/p - boulder beetle
Aim: a boulder beetle (will become a great orb of eyes, a spark wasp, or a radroach, chance to affect: 31%)
The boulder beetle easily resists.
The boulder beetle curls into a ball and begins rolling!
You fly upwards.
There is a stone staircase leading down here.
There's nothing to close nearby.
You fly downwards.
Level annotation: Erolcha; Josephine The boulder beetle hits you!!!
Ouch! That really hurt!
* * * LOW HITPOINT WARNING * * *
The boulder beetle stops rolling and uncurls.
The boulder beetle bites you!!
You die...

#.#.......# #.....#
#.#....^..# #.....#
#.#.......#####..##.#
#.#...........#..##.#
#.#.......#####..##.#
#.#.......'......##.#
#.......#.##...##.######
#.......#.##...##.......
#......@#.##...##.....[.
#.....B.'.##...##..Z..##
#.......#.##...##.Z<.)..
#.......#.##...##...[...
#.......#.##.......#....
+.......#.##.......#....
#########.# .#####.....(
.# #...... .# #..#...


You could see a boulder beetle.

Vanquished Creatures
  Erica (D:8)
  6 unseen horror zombies (D:9)
  An unseen horror (D:10)
  A kobold demonologist (D:11)
  3 trolls
  A flying skull (D:10)
  A wyvern (D:8)
  4 yaks
  2 steam dragons
  3 vampire mosquitoes (D:10)
  An acid dragon (D:10)
  6 water moccasins
  Pargi (D:3)
  2 orc warriors (D:10)
  2 ice beasts
  A sky beast (D:7)
  A wolf (D:11)
  4 ogres
  3 centaurs
  3 kobold brigands
  3 bullfrogs
  3 phantoms
  2 elf zombies (Ossuary)
  3 scorpions (D:6)
  A gnoll sergeant (D:10)
  9 wights
  3 electric eels (D:11)
  4 centaur zombies
  2 jellies
  2 gnoll boudas (D:5)
  12 hounds
  3 orc priests
  2 sleepcaps (D:6)
  Ijyb (D:5)
  An iguana (D:4)
  8 orc wizards
  2 mummies (Ossuary)
  17 gnolls
  10 adders
  2 shadow imps (D:7)
  An ufetubus (D:5)
  An adder zombie (Ossuary)
  2 worms
  3 dart slugs
  24 orcs
  6 ball pythons
  8 endoplasms
  5 giant cockroaches
  6 goblins
  4 hobgoblins
  3 quokkas
  6 bats
  6 frilled lizards
  A goblin zombie (Ossuary)
  12 hobgoblin zombies (Ossuary)
  3 jackal zombies (Ossuary)
  18 kobolds
  3 kobold zombies (Ossuary)
  11 orc zombies (Ossuary)
  8 rats
  2 rat zombies (Ossuary)
270 creatures vanquished.

Vanquished Creatures (others)
  A troll (D:9)
  907 foxfires
908 creatures vanquished.

Grand Total: 1178 creatures vanquished

Notes
Turn   | Place    | Note
-------+----------+-------------------------------------------
     0 | D:1      | OrthodoxDeviant the Tengu Fire Elementalist began the quest
                  | for the Orb.
     0 | D:1      | Reached XP level 1. HP: 10/10 MP: 4/4
   280 | D:1      | Reached XP level 2. HP: 15/15 MP: 0/6
   283 | D:1      | Learned a level 2 spell: Scorch
   673 | D:1      | Found a faded altar of an unknown god.
  1277 | D:2      | Reached XP level 3. HP: 19/19 MP: 2/7
  1440 | D:2      | Reached skill level 4 in Fire Magic
  1863 | D:2      | Reached XP level 4. HP: 16/24 MP: 4/8
  2753 | D:3      | Identified the +1 leather armour of the Frog {+Inv}
  2919 | D:3      | Noticed Pargi
  2935 | D:3      | Killed Pargi
  2936 | D:3      | Reached skill level 5 in Fire Magic
  2936 | D:3      | Gained mutation: Your magical nature lets you fly swiftly
                  | and evasively. [Tengu growth]
  2936 | D:3      | Reached XP level 5. HP: 28/28 MP: 1/10
  3619 | D:4      | Reached XP level 6. HP: 32/32 MP: 6/11
  3876 | D:4      | Identified the +2 rapier of Melee {flame, rElec rCorr}
  4261 | D:4      | Found a glowing silver altar of Zin.
  4462 | D:4      | Reached skill level 6 in Fire Magic
  4535 | D:4      | Found a large runed translucent door.
  4535 | D:4      | Found a large runed translucent door.
  4830 | D:4      | Noticed ZoeForever1's ghost (amateur DsRe)
  4881 | D:5      | Entered Level 5 of the Dungeon
  4965 | D:5      | Noticed Ijyb
  4968 | D:5      | Killed Ijyb
  4969 | D:5      | Reached XP level 7. HP: 36/36 MP: 3/13
  5070 | D:4      | Learned a level 4 spell: Flame Wave
  5074 | D:4      | Learned a level 3 spell: Kindle Blastsparks
  5202 | D:5      | Reached skill level 5 in Conjurations
  5219 | D:5      | Reached skill level 7 in Fire Magic
  5596 | D:5      | Found a staircase to the Ecumenical Temple.
  5652 | Temple   | Entered the Ecumenical Temple
  5884 | D:5      | Reached XP level 8. HP: 41/41 MP: 12/15
  6396 | D:6      | Identified the +5 short sword of Debt {flame, Str+5}
  6524 | D:6      | Reached skill level 8 in Fire Magic
  6838 | D:6      | Reached skill level 5 in Spellcasting
  6981 | D:6      | Reached skill level 9 in Fire Magic
  7198 | D:6      | Reached XP level 9. HP: 45/45 MP: 15/18
  7593 | D:7      | Reached skill level 10 in Fire Magic
  7686 | D:7      | Found a sand-covered staircase.
  7696 | Ossuary  | Entered an ossuary
  9292 | D:7      | Found a runed translucent door.
  9292 | D:7      | Noticed a troll
  9293 | D:7      | Noticed jasper's ghost (amateur DjVM)
  9517 | D:8      | Found a sparkling altar of Nemelex Xobeh.
  9647 | D:8      | Noticed Erica
  9738 | D:8      | Reached skill level 11 in Fire Magic
  9839 | D:8      | Reached XP level 10. HP: 22/50 MP: 15/21
 10583 | D:9      | You are sucked into a shaft and drop 1 floor!
 10583 | D:10     | Entered Level 10 of the Dungeon
 10882 | D:9      | Found a bloodstained altar of Trog.
 11230 | D:9      | Reached skill level 10 in Conjurations
 14306 | D:9      | Found a basalt altar of Yredelemnul.
 14317 | D:9      | Reached skill level 12 in Fire Magic
 14708 | D:9      | Found a radiant altar of Vehumet.
 14736 | D:9      | Found a shadowy altar of Dithmenos.
 14969 | D:9      | Became a worshipper of Vehumet
 15094 | D:8      | Reached XP level 11. HP: 54/54 MP: 11/24
 15577 | D:8      | Killed Erica
 16193 | D:10     | Found a staircase to the Orcish Mines.
 16767 | D:11     | Noticed a boulder beetle
 16798 | Orc:1    | Entered Level 1 of the Orcish Mines
 16815 | D:10     | Reached * piety under Vehumet
 16815 | D:10     | Offered knowledge of Shock by Vehumet.
 16986 | D:11     | Noticed a +0 dagger
 16986 | D:11     | Noticed a +0 hand axe
 16986 | D:11     | Noticed Erolcha
 16986 | D:11     | Found a hide-covered altar of Uskayaw.
 17192 | D:11     | Reached skill level 13 in Fire Magic
 17316 | D:11     | Found a staircase to the Lair.
 17553 | D:11     | Noticed Josephine
 17659 | D:11     | Slain by a boulder beetle

Illustrated notes

Levels and vault maps discovered:
D:1:      dpeg_arrival_renting, layout_basic, shapermc_ecumenical_altar_petra,
          minmay_hexomino_p4
D:2:      minmay_recursive_quarters, layout_basic
D:3:      layout_basic, uniq_pargi
D:4:      layout_basic, zin_academy, ebering_ghost_disaster_area
D:5:      layout_cave_pools, temple_pool_b, uniq_ijyb
D:6:      layout_cave_pools, nrook_loot_triangle, st_stairs_1
D:7:      layout_basic, ebering_ghost_inner_flame,
          nicolae_ossuary_entry_false_entrances
D:8:      layout_cave_pools, mainiacjoe_overflow_tiny_flanked,
          chequers_serial_rivers_small_3, uniq_erica
D:9:      layout_stronghold, trog_three_pillars_becter,
          nicolae_yredelemnul_corpse_copse, mainiacjoe_overflow_two_lobes,
          minmay_between
D:10:     layout_rooms, orc_0_dummy
D:11:     hangedman_screamer, layout_stronghold, erik_lair_island,
          dancing_weapons_uskayaw, uniq_erolcha
Temple:   regret_index_temple_sphere_string
Orc:1:    layout_caves, mines4_lemuel, uniq_harold

Skill      XL: |  1  2  3  4  5  6  7  8  9 10 11 |
---------------+----------------------------------+-----
Conjurations   | 2 3 4 5 7 9 11 12 | 12.5
Fire Magic     | 4 5 6 7 9 11 12 13 | 13.1
Spellcasting   | 3 4 5 6 8 9 |  9.1
Dodging        | |  2.1
Stealth        | |  2.0

Action                     |  1- 3 |  4- 6 |  7- 9 | 10-12 || total
---------------------------+-------+-------+-------+-------++-------
  Melee: Unarmed           |     5 |       |       |       ||     5
         Rapier            |       |     1 |    19 |     8 ||    28
         Peck              |       |     1 |     4 |     2 ||     7
         Kick              |       |       |     7 |     3 ||    10
   Cast: Foxfire           |    62 |    64 |   229 |   199 ||   554
         Scorch            |     6 |    24 |    58 |    57 ||   145
         Kindle Blastspark |       |       |     3 |     3 ||     6
         Flame Wave        |       |       |     2 |    13 ||    15
  Evoke: Wand              |       |       |     1 |     3 ||     4
    Use: Scroll            |       |     3 |     5 |       ||     8
         Potion            |       |       |       |     2 ||     2
   Stab: Sleeping          |       |     1 |       |       ||     1
 Armour: Robe              |     5 |     1 |    15 |     1 ||    22
         Steam dragon scal |       |       |       |    31 ||    31
  Dodge: Dodged            |    25 |     7 |    67 |   103 ||   202

Table legend: (Time is in decaauts)
 A = Elapsed time spent in this place.
 B = Non-inter-level travel time spent in this place.
 C = Inter-level travel time spent in this place.
 D = Time resting spent in this place.
 E = Time spent auto-exploring this place.
 F = Levels seen in this place.
 G = Mean time per level.
                   A        B        C        D        E       F      G
               +--------+--------+--------+--------+--------+-----+--------+
         Total |  17023 |  14968 |   2055 |   5730 |   6530 |  14 | 1215.9 |
       Dungeon |  16060 |  14063 |   1997 |   5365 |   6285 |  11 | 1460.0 |
        Temple |    202 |    145 |     57 |      0 |    130 |   1 |  202.0 |
  Orcish Mines |     12 |     12 |      0 |      0 |      0 |   1 |   12.0 |
       Ossuary |    748 |    748 |      0 |    364 |    114 |   1 |  748.0 |
               +--------+--------+--------+--------+--------+-----+--------+

Top non-repeatable levels by time:
     D:9: 4520 daAuts
     D:4: 1511 daAuts
     D:8: 1405 daAuts
    D:10: 1402 daAuts
     D:1: 1281 daAuts
     D:6: 1226 daAuts
     D:3: 1134 daAuts
     D:2: 1134 daAuts
     D:7: 1125 daAuts
     D:5: 975 daAuts
 Ossuary: 748 daAuts
    D:11: 342 daAuts
  Temple: 202 daAuts
   Orc:1: 12 daAuts
